 Dungeon Crawl Stone Soup version 0.26-a0-651-gb41185065b (webtiles) character file.

Game seed: 12426831900413704779

89 kae the Chiller (level 4, -1/30 HPs)
             Began as a Merfolk Ice Elementalist on Oct 12, 2020.
             Killed from afar by an orc wizard (8 damage)
             ... with a magic dart
             ... on level 2 of the Dungeon.
             The game lasted 00:02:23 (2129 turns).

kae the Chiller (Merfolk Ice Elementalist)          Turns: 2129, Time: 00:02:23

Health: -1/30      AC:  3    Str:  8    XL:     4   Next: 55%
Magic:  6/8        EV: 13    Int: 15    God:
Gold:   52         SH:  0    Dex: 14    Spells: 7/8 levels left

rFire    + . .     SeeInvis .   b - +0 short sword
rCold    + . .     Faith    .   (no shield)
rNeg     . . .     Spirit   .   a - +0 robe
rPois    +         Reflect  .   (no helmet)
rElec    +         Harm     .   (no cloak)
rCorr    +         Rampage  .   e - +0 pair of gloves
MR       .....                  (no boots)
Stlth    +.........             (no amulet)
HPRegen  0.10/turn              (no ring)
MPRegen  0.11/turn              (no ring)

@: confused, resistant
A: change form in water, swift swim, stealthy swim
a: no special abilities


You were on level 2 of the Dungeon.
You visited 1 branch of the dungeon, and saw 2 of its levels.

You collected 52 gold pieces.

Inventory:

Hand Weapons
 b - a +0 short sword (weapon)
Armour
 a - a +0 robe (worn)
 e - a +0 pair of gloves (worn)
Scrolls
 f - a scroll of amnesia


   Skills:
 - Level 2.6 Dodging
 - Level 2.1 Stealth
 + Level 2.8 Spellcasting
 * Level 5.9 Ice Magic


You had 7 spell levels left.
You knew the following spells:

 Your Spells              Type           Power        Failure   Level
a - Freeze                Ice            ###.         1%          1

Your spell library contained the following spells:

 Spells                   Type           Power        Failure   Level
 Frozen Ramparts          Ice            ###...       5%          3
 Ozocubu's Armour         Ice            ###.....     5%          3
 Beastly Appendage        Tmut           #.....       21%         1
 Wereblood                Tmut           #.......     30%         2
 Spider Form              Tmut/Pois      #.........   52%         3
 Hailstorm                Conj/Ice       ##......     52%         4
 Ice Form                 Ice/Tmut       ##......     52%         4
 Summon Ice Beast         Ice/Summ       ##......     52%         4
 Blade Hands              Tmut           #.........   99%         5


Dungeon Overview and Level Annotations

Branches:
Dungeon (2/15)

Altars:


Message History

Confirm with . or Enter, or press ? or * to list all spells.
You can't see any susceptible monsters within range! (Use Z to cast anyway.)
You hit something but do no damage.
You hear some strange, mumbled words.
You are confused.
You're too confused to move!
Something hits you.
* * * LOW HITPOINT WARNING * * *
You barely miss something. Something hits you but does no damage.
You miss something.
You hear some strange, mumbled words.
You are more confused.
Quiver which item? (- for none, * to show all) (? for menu, Esc to quit)
Okay, then.
You feel protected. Something hits you.
* * * LOW HITPOINT WARNING * * *
You hear some strange, mumbled words.
A magic dart appears from out of thin air!
The magic dart hits you!
You die...

.......#...........####.##.......
....####...........# *,.##..>...
###.***#..........(## *#.##..#...
**#.,,.###.#.....#(.# *.....####.
,,,,,........(#..##(###....#* #.
*****............##.##..##.** #.
* #................#.#*#..* **. *
##.########........##*#.###.. **
#.,** ##@{......# #...#.#
,****#*,,* #.)..<.#.# #.....#
,,,,,***,* #...##)..###....##
****,,,,,* #...###.........##
****,,* #................. ****
###..<......<....#
#...............#
#...............#
#...............#


There were no monsters in sight!

Vanquished Creatures
  An orc priest (D:2)
  A worm (D:2)
  2 dart slugs (D:2)
  2 orcs (D:2)
  8 goblins
  9 hobgoblins
  12 kobolds
  6 bats
  4 frilled lizards
  5 rats (D:2)
50 creatures vanquished.

Notes
Turn   | Place    | Note
-------+----------+-------------------------------------------
     0 | D:1      | kae the Merfolk Ice Elementalist began the quest for the
                  | Orb.
     0 | D:1      | Reached XP level 1. HP: 13/13 MP: 3/3
   241 | D:1      | Reached XP level 2. HP: 9/19 MP: 0/5
  1228 | D:2      | Reached skill level 5 in Ice Magic
  1300 | D:2      | Reached XP level 3. HP: 15/24 MP: 3/6
  1926 | D:2      | Reached XP level 4. HP: 29/30 MP: 0/7
  2129 | D:2      | Killed from afar by an orc wizard

Illustrated notes

Levels and vault maps discovered:
D:1:      matt_arrival_spirals, layout_basic
D:2:      layout_rooms

Skill      XL: |  1  2 |
---------------+-------+-----
Ice Magic      | 5 |  5.9
Dodging        | |  2.6
Stealth        | |  2.1
Spellcasting   | |  2.8

Action                   |  1- 3 |  4- 6 || total
-------------------------+-------+-------++-------
Melee: Short sword       |    53 |    12 ||    65
       Unarmed           |     1 |       ||     1
 Cast: Freeze            |    57 |     4 ||    61
  Use: Scroll            |     4 |     3 ||     7
       Potion            |       |     3 ||     3
 Stab: Sleeping          |     1 |       ||     1
       Distracted        |     1 |       ||     1
Armor: Robe              |    15 |     6 ||    21
Dodge: Dodged            |    69 |    15 ||    84

Table legend: (Time is in decaauts)
 A = Elapsed time spent in this place.
 B = Non-inter-level travel time spent in this place.
 C = Inter-level travel time spent in this place.
 D = Time resting spent in this place.
 E = Time spent auto-exploring this place.
 F = Levels seen in this place.
 G = Mean time per level.
                   A        B        C        D        E       F      G
               +--------+--------+--------+--------+--------+-----+--------+
         Total |   2135 |   2083 |     52 |    675 |   1030 |   2 | 1067.5 |
       Dungeon |   2135 |   2083 |     52 |    675 |   1030 |   2 | 1067.5 |
               +--------+--------+--------+--------+--------+-----+--------+

Top non-repeatable levels by time:
     D:1: 1349 daAuts
     D:2: 786 daAuts
